 Dungeon Crawl Stone Soup version 0.23.2-1-ga50397a6bc (webtiles) character file.

Game seed: 17290960758937931584

206 Gordogan the Vandal (level 5, 0/45 HPs)
             Began as a Minotaur Hunter on May 10, 2019.
             Slain by an ogre
             ... wielding a +0 giant club
              (18 damage)
             ... on level 3 of the Dungeon.
             The game lasted 00:24:42 (1898 turns).

Gordogan the Vandal (Minotaur Hunter)               Turns: 1898, Time: 00:24:42

Health: 0/45       AC:  9    Str: 18    XL:     5   Next: 53%
Magic:  4/4        EV:  7    Int:  8    God:
Gold:   145        SH:  0    Dex: 10    Spells: 4/4 levels left

rFire    . . .     SeeInvis .   b - +1 short sword (speed)
rCold    . . .     Gourm    .   (no shield)
rNeg     . . .     Faith    .   l - +1 chain mail
rPois    .         Spirit   .   (helmet restricted)
rElec    .         Reflect  .   (no cloak)
rCorr    .         Harm     .   (no gloves)
MR       .....                  (no boots)
Stlth    ..........             (no amulet)
HPRegen  0.15/turn              (no ring)
MPRegen  0.09/turn              (no ring)

@: lethally poisoned (0 -> -13)
A: retaliatory headbutt, horns 2
a: no special abilities


You were on level 3 of the Dungeon.
You were not hungry.

You visited 1 branch of the dungeon, and saw 3 of its levels.

You collected 145 gold pieces.

Inventory:

Hand Weapons
 a - a +1 hunting sling
 b - a +1 short sword of speed (weapon)
 k - a +2 dagger of draining
 o - a +0 short sword of electrocution
Missiles
 d - 49 sling bullets
 e - 62 stones (quivered)
Armour
 l - a +1 chain mail (worn)
Wands
 g - a wand of digging (1)
Scrolls
 p - a scroll of teleportation
 q - a scroll of enchant armour
Potions
 h - 2 potions of heal wounds
 i - 3 potions of brilliance
 j - a potion of might
 m - 2 potions of curing {unknown}
 n - a potion of flight
Comestibles
 c - 4 chunks of flesh
 f - 5 rations


   Skills:
 + Level 3.4 Fighting
 + Level 1.6 Short Blades
 + Level 6.5 Slings
 + Level 0.1(3.5) Throwing
 + Level 1.6 Armour
 + Level 2.4 Dodging
 + Level 0.8 Stealth


You had 4 spell levels left.
You didn't know any spells.
Your spell library was empty.

Dungeon Overview and Level Annotations

Branches:
Dungeon (3/15)

Altars:
Cheibriados

Annotations:
D:3 1 transporter, Ethylacetat's ghost, amateur OpFE


Innate Abilities, Weirdness & Mutations

You reflexively headbutt those who attack you in melee.
You have a pair of horns on your head.


Message History

You are poisoned.
You hit the ogre.
The ogre is lightly wounded.
You feel sick. Ethylacetat's ghost hits you.
You hit the ogre.
The ogre is lightly wounded.
You feel sick. The ogre barely misses you. You furiously retaliate!
You headbutt the ogre, but do no damage.
The ogre hits you but does no damage.
You are more poisoned.
You puncture the ogre!
The ogre is heavily wounded.
You feel sick.
Ethylacetat's ghost stares at you and mumbles some strange words.
The flame tongue misses you.
You hit the ogre.
The ogre is heavily wounded.
You feel sick.
The ogre hits you with a +0 giant club!!
You die...

........................?
#..#<
...[...........©.©.......
#..##
..........#############..
#....
..........#....$)....©#..
#.###
..........#.#.(#.#..#.# #
..........#..##(..##..# #
###########..##(O.##..#
+.. #.#..#W#..#.# ###
#....O@O....#
#############


You could see 3 ogres and Ethylacetat's ghost.

Vanquished Creatures
  A hound (D:2)
  Natasha (twice) (D:2)
  Robin (D:2)
  2 adders (D:2)
  An ooze (D:3)
  A worm (D:2)
  5 dart slugs
  2 leopard geckos
  3 orcs (D:3)
  A ball python (D:1)
  13 bats
  A giant cockroach (D:1)
  10 hobgoblins
  A quokka (D:2)
  4 frilled lizards
  19 goblins
  4 kobolds
  8 rats
79 creatures vanquished.

Notes
Turn   | Place    | Note
-------+----------+-------------------------------------------
     0 | D:1      | Gordogan the Minotaur Hunter began the quest for the Orb.
     0 | D:1      | Reached XP level 1. HP: 18/18 MP: 0/0
    67 | D:1      | Reached XP level 2. HP: 25/25 MP: 1/1
   147 | D:1      | Reached skill level 5 in Slings
   773 | D:2      | Reached XP level 3. HP: 30/30 MP: 2/2
   804 | D:2      | Found a snail-covered altar of Cheibriados.
   892 | D:2      | Reached XP level 4. HP: 37/37 MP: 3/3
   922 | D:2      | Noticed Robin
   962 | D:2      | Reached skill level 6 in Slings
   963 | D:2      | Killed Robin
  1033 | D:2      | Noticed Natasha
  1054 | D:2      | Killed Natasha
  1054 | D:2      | Reached skill level 1 in Short Blades
  1054 | D:2      | Reached skill level 1 in Armour
  1201 | D:2      | Noticed Natasha
  1205 | D:2      | Killed Natasha
  1205 | D:2      | Reached XP level 5. HP: 41/45 MP: 4/4
  1875 | D:3      | Noticed an ogre
  1875 | D:3      | Noticed an ogre
  1876 | D:3      | Found a transporter.
  1876 | D:3      | Noticed Ethylacetat's ghost (amateur OpFE)
  1878 | D:3      | Identified the cursed +0 great mace of the Harvest {venom,
                  | rF+ rC+ rN+ MR-}
  1878 | D:3      | Noticed an ogre
  1882 | D:3      | Found a transporter.
  1898 | D:3      | Slain by an ogre

Skill      XL: |  1  2  3  4 |
---------------+-------------+-----
Slings         | 5 6 |  6.5
Short Blades   | 1 |  1.6
Armour         | 1 |  1.6
Fighting       | 3 |  3.4
Throwing       | |  0.1
Dodging        | |  2.4
Stealth        | |  0.8

Action                   |  1- 3 |  4- 6 || total
-------------------------+-------+-------++-------
Melee: Short sword       |    54 |    84 ||   138
       Headbutt          |    10 |     8 ||    18
 Fire: Hunting sling     |    32 |    72 ||   104
Throw: Stone             |       |     2 ||     2
  Use: Scroll            |     5 |     3 ||     8
       Potion            |     1 |       ||     1
  Eat: Chunk             |       |     3 ||     3
Armor: Chain mail        |    38 |    46 ||    84
Dodge: Dodged            |    17 |    30 ||    47
